Map: Winter Madness LE

Players

LiquidMaNa (MaNa) - Winner!

  • Race: Protoss Protoss
  • League: Grandmaster
  • Spawn Location: 5:00

Jumy (ForJumy)

  • Race: Protoss Protoss
  • League: Master
  • Spawn Location: 11:00

VOD

Have the link to the VOD?

Description

Time

  • Played on: Jan. 30, 2026, 2:11 p.m.
  • Length: 5:11
Show
View Real Time Build Order
Export as new Build Order

LiquidMaNa Protoss - Winner!

Build Orders:  

Get SALT Encoding   

  12  0:00  Probe  
  13  0:12  Probe  
  14  0:16  Pylon  
  14  0:24  Probe  
  15  0:32  Probe  
  15  0:34  Gateway  
  15  0:40  Probe  
  16  0:46  Assimilator  
  17  0:50  Probe  
  17  0:54  Assimilator  
  18  0:59  Probe  
  19  1:07  Gateway, Probe  
  20  1:17  Probe  
  21  1:25  Cybernetics Core  
  21  1:29  Probe  
  22  1:37  Pylon  
  22  1:41  Probe  
  23  2:00  Stalker  
  23  2:01  Robotics Facility  
  23  2:05  Warp Gate  
  23  2:07  Stalker  
  27  2:18  Pylon  
  27  2:27  Stalker  
  27  2:34  Stalker  
  29  2:40  Immortal  
  35  3:06  Pylon  
  35  3:12  Warp Prism  
  35  3:16  Gateway  
  37  3:29  Sentry  
  37  3:30  Sentry  
  41  3:49  Immortal  
  45  3:58  Pylon  
  39  4:15  Stalker x2  
  39  4:16  Stalker  
  45  4:27  Pylon  
  47  4:58  Adept x3  
Show
View Real Time Build Order
Export as new Build Order

Jumy Protoss 

Build Orders: Phoenix Opening 

Get SALT Encoding   

  12  0:00  Probe  
  13  0:12  Probe  
  14  0:17  Pylon  
  14  0:24  Probe  
  15  0:32  Probe  
  15  0:36  Gateway  
  15  0:42  Assimilator, Probe  
  17  0:53  Probe  
  17  0:55  Assimilator  
  18  1:03  Probe  
  18  1:08  Gateway  
  19  1:11  Probe  
  20  1:19  Probe  
  20  1:23  Cybernetics Core  
  21  1:29  Pylon  
  21  1:32  Probe  
  22  1:45  Probe  
  23  1:57  Probe  
  24  2:03  Warp Gate  
  24  2:05  Nexus  
  24  2:06  Sentry  
  26  2:14  Stalker  
  26  2:20  Probe  
  29  2:27  Pylon  
  29  2:34  Shield Battery  
  29  2:38  Probe  
  30  2:44  Stalker  
  30  2:45  Sentry  
  30  2:50  Probe  
  35  3:00  Robotics Facility  
  35  3:07  Pylon, Phoenix  
  35  3:10  Stalker  
  37  3:29  Probe  
  37  3:30  Shield Battery  
  38  3:34  Shield Battery  
  38  3:44  Shield Battery  
  38  3:51  Stalker x2  
  36  3:56  Immortal  
  33  4:15  Sentry x2  
  37  4:22  Shield Battery  
  37  4:23  Probe x2  
  39  4:24  Shield Battery  
  43  4:43  Stalker x2  
  36  4:46  Probe  
Tags
 
Add a new tag
Caveats
  • Supply blocks, unpowered buildings, or Contaminate may cause inaccurate times.
  • Supply counts are checked every 10 seconds.